 Dungeon Crawl Stone Soup version 0.28.0-53-g5a82cb258f (webtiles) character file.

Game seed: 16551049738253070401

1436 Brotato the Covert (level 8, 0/56 (57) HPs)
             Began as an Octopode Brigand on June 27, 2022.
             Slain by a vampire mosquito (9 damage)
             ... on level 5 of the Dungeon.
             The game lasted 00:11:56 (7272 turns).

Brotato the Covert (Octopode Brigand)               Turns: 7272, Time: 00:11:56

HP:   0/56 (57)     AC:  1    Str: 10    XL:     8   Next: 73%
MP:   8/8           EV: 14    Int: 19    God:
Gold: 201           SH:  0    Dex: 16    Spells: 7/7 levels left

rFire   . . .      SeeInvis .   l - +3 dagger (venom)
rCold   . . .      Faith    .   (no shield)
rNeg    . . .      Spirit   .   (helmet restricted)
rPois   .          Reflect  .   (no amulet)
rElec   .          Harm     .   i - +6 ring of intelligence
rCorr   .          Rampage  .   (no ring)
Will    .....                   (no ring)
Stlth   +++++.....              (no ring)
HPRegen 0.18/turn               (no ring)
MPRegen 0.11/turn               (no ring)
                                (no ring)
                                (no ring)

@: lightly drained
A: almost no armour, amphibious, 8 rings, camouflage 1, gelatinous body 1,
(nimble swimmer 1), tentacles
a: no special abilities


You were on level 5 of the Dungeon.
You visited 1 branch of the dungeon, and saw 6 of its levels.

You collected 201 gold pieces.

Inventory:

Hand Weapons
 a - a +2 dagger
 j - a +2 short sword of draining
 l - a +3 dagger of venom (weapon)
Missiles
 b - 12 poisoned darts (quivered)
 c - 2 curare-tipped darts
Jewellery
 i - a +6 ring of intelligence (left tentacle)
 n - an amulet of reflection
 r - a ring of protection from cold
 s - a +4 ring of protection
Scrolls
 d - 4 scrolls of identify
 e - 2 scrolls of teleportation
 f - a scroll of acquirement {unknown}
 k - 2 scrolls of fog {unknown}
 m - a scroll of noise {unknown}
 o - a scroll of summoning {unknown}
 p - a scroll of torment {unknown}
 q - a scroll of amnesia {unknown}
Potions
 g - a potion of curing
 h - 2 potions of lignification {unknown}


   Skills:
 * Level 5.7 Fighting
 + Level 4.5 Short Blades
 + Level 4.4 Throwing
 + Level 4.0 Dodging
 * Level 9.6 Stealth


You had 7 spell levels left.
You didn't know any spells.
Your spell library contained the following spells:

 Spells                   Type           Power      Damage    Failure   Level
 Sting                    Tmut/Pois      0%         1d3       21%         1
 Poisonous Vapours        Pois/Air       0%         N/A       30%         2
 Olgreb's Toxic Radiance  Pois           0%         N/A       90%         4


Dungeon Overview and Level Annotations

Branches:
Dungeon (6/15)
 Temple: D:4-7

Altars:
Elyvilon

Shops:
D:2 (


Innate Abilities, Weirdness & Mutations

You cannot wear most types of armour.
You are amphibious.
You can wear up to eight rings at the same time.
Your skin changes colour to match your surroundings (Stealth+).
Your rubbery body absorbs attacks. (AC +1, EV +1)
((You are camouflaged when in or above water. (Stealth+)))
You have tentacles for arms and can constrict up to eight enemies at once.


Message History

The gnoll misses you.
The gnoll shouts!
You hit the gnoll.
The gnoll is poisoned.
You grab the gnoll. You squeeze the gnoll.
The gnoll is heavily wounded.
You constrict the gnoll.
The bullfrog gives a loud, deep croak!
You hear an angry buzzing noise.
A vampire mosquito comes into view. x2
You hit the gnoll.
The gnoll looks as sick as possible!
You squeeze the gnoll.
You kill the gnoll!
A vampire mosquito comes into view.
A sky beast comes into view.
The vampire mosquito moves out of view.
Things that are here:
a +0 spear; a fizzy ruby potion; a gnoll corpse You completely miss the gnoll.
You grab the gnoll.
You squeeze the gnoll, but do no damage.
You constrict the gnoll, but do no damage.
An adder comes into view.
You release your grip on the gnoll.
The bullfrog hits you. The vampire mosquito barely misses you.
Things that are here:
a +0 spear; a gnoll corpse The vampire mosquito bites you!
The vampire mosquito draws strength from your injuries!
The bullfrog barely misses you.
The vampire mosquito closely misses you.
A bullfrog comes into view.
The bullfrog completely misses you.
There is a stone staircase leading up here.
The vampire mosquito barely misses you. x2; The bullfrog hits you.
The vampire mosquito barely misses you. The vampire mosquito bites you!
The vampire mosquito draws strength from your injuries!
You climb upwards.
There is a stone staircase leading down here.
You are too injured to fight recklessly!
The vampire mosquito bites you!
* * * LOW HITPOINT WARNING * * *
The vampire mosquito draws strength from your injuries!
The vampire mosquito bites you!
You die...

.#.##.....).####..## #....###
<#)##.....######..# #####.##.#
).................####.....##.#
###.......##..............##..#
###.......##.................## #
..................###.....##### #
......###................)....###
.....## ###.......###..######....
#....# ##....y@.###..# #####
##.#.# #.....y>F##...#######)..
##.#.#####....######..#........##
...#...##.....#####...#.#########
######..#..[..#.........# #
#######.........#.....### #
.............>....##.##
########.......#####.# #
#.............###..#


You could see 2 vampire mosquitoes and a bullfrog.

Vanquished Creatures
  A water moccasin (D:5)
  2 sky beasts (D:5)
  2 necrophages
  2 ogres
  A centaur (D:5)
  4 wights
  3 hounds
  2 orc priests (D:4)
  3 iguanas
  2 bullfrog skeletons (D:5)
  A hound skeleton (D:4)
  2 howler monkey zombies
  12 gnolls
  5 adders
  2 dart slugs
  3 orcs
  9 endoplasms
  5 giant cockroaches
  4 goblins
  8 hobgoblins
  8 jackals
  9 kobolds
  4 quokkas (D:2)
  9 ball pythons
  2 bats
  3 frilled lizards
  A jackal skeleton (D:4)
  6 rats
115 creatures vanquished.

Vanquished Creatures (others)
  4 plants (D:2)
4 creatures vanquished.

Grand Total: 119 creatures vanquished

Notes
Turn   | Place    | Note
-------+----------+-------------------------------------------
     0 | D:1      | Brotato the Octopode Brigand began the quest for the Orb.
     0 | D:1      | Reached XP level 1. HP: 14/14 MP: 1/1
   311 | D:1      | Reached XP level 2. HP: 19/19 MP: 2/2
   691 | D:1      | Found a faded altar of an unknown god.
   963 | D:1      | Reached XP level 3. HP: 22/24 MP: 3/3
  1304 | D:2      | Found Gaagg's Weapon Emporium.
  1412 | D:2      | Reached XP level 4. HP: 30/30 MP: 4/4
  1713 | D:2      | Reached skill level 6 in Stealth
  2568 | D:3      | Noticed a necrophage
  2994 | D:3      | Reached XP level 5. HP: 35/36 MP: 5/5
  3619 | D:4      | Found a white marble altar of Elyvilon.
  3632 | D:4      | Noticed an ogre
  3655 | D:4      | Killed an ogre
  3656 | D:4      | Reached XP level 6. HP: 29/42 MP: 6/6
  3780 | D:4      | Reached skill level 7 in Stealth
  3926 | D:4      | Noticed a necrophage
  3933 | D:4      | Killed a necrophage
  4021 | D:4      | Reached XP level 7. HP: 28/48 MP: 7/7
  4322 | D:5      | Entered Level 5 of the Dungeon
  4726 | D:5      | Reached skill level 8 in Stealth
  5094 | D:5      | Reached XP level 8. HP: 50/54 MP: 8/8
  5231 | D:5      | Reached skill level 5 in Fighting
  5726 | D:4      | Reached skill level 9 in Stealth
  6656 | D:5      | HP: 2/51 [wight/+3 long sword (4)]
  7272 | D:5      | Slain by a vampire mosquito

Illustrated notes

Levels and vault maps discovered:
D:1:      grunt_arrival_lava_bath, layout_basic,
          nicolae_ecumenical_snake_handling
D:2:      wad_woods_tower, layout_basic, serial_shops, shop_statue
D:3:      layout_basic
D:4:      layout_basic, mainiacjoe_overflow_boulevard
D:5:      layout_rooms
D:6:      layout_rooms, serial_glass, glass_columns_b, glass_columns_c,
          minmay_strange_pillars, due_unseen_surprise, item_on_display_a

Skill      XL: |  1  2  3  4  5  6  7  8 |
---------------+-------------------------+-----
Stealth        | 6 7 8 9 |  9.6
Dodging        | 2 3 4 |  4.0
Fighting       | 3 4 5 |  5.7
Short Blades   | 3 4 |  4.5
Throwing       | 3 4 |  4.4

Action                   |  1- 3 |  4- 6 |  7- 9 || total
-------------------------+-------+-------+-------++-------
Melee: Dagger            |    40 |    60 |   107 ||   207
       Tentacles         |    11 |    16 |    43 ||    70
       Constrict         |    10 |    20 |    32 ||    62
       Short sword       |     5 |    24 |       ||    29
       Punch             |     1 |       |       ||     1
Throw: Dart              |       |     3 |     6 ||     9
  Use: Potion            |       |       |     1 ||     1
       Scroll            |       |       |     2 ||     2
 Stab: Distracted        |     1 |       |     1 ||     2
       Sleeping          |    14 |    17 |    11 ||    42
Armor: Skin              |     3 |     1 |     2 ||     6
Dodge: Dodged            |    13 |    32 |    51 ||    96
